AoeStats
← a4rkangel

Arabia

509522982Analyzed
1v1 RM · 5d ago on Sep 27, 2026· 19m 9s· 2 players
Game mode
Random Map
Map size
Tiny (2 player)
Population
200
Speed
Normal
Resources
Standard
Victory
Conquest
Starting age
Dark Age
Ending age
Imperial Age
RankedLock teamsTeams togetherTeam positionsShared explorationLock speedFull tech treeHidden civsTurbo modeCheats
Victory
Defeat
🇨🇱 Magyars · Chile
748
+18
🇨🇳 Jurchens · China
785
-18
a4rkangel
8:54 Loom
11:18 Feudal Age
11:57 Man-at-Arms
小左呀
6:39 Loom
6:47 Loom
10:55 Feudal Age
14:07 Bloodlines
14:24 Horse Collar
Connection lost

Rejoining the realm…

Still unreachable

The connection could not be restored.

Session expired

The server has moved on; the page needs a fresh start.